 Dungeon Crawl Stone Soup version 0.25.1-2-g60ff931df9 (webtiles) character file.

Game seed: 18356335365212134331

67 growler the Sneak (level 3, -3/24 HPs)
             Began as a Vampire Earth Elementalist on Oct 8, 2020.
             Slain by Crazy Yiuf
             ... wielding a +3 quarterstaff of chaos
              (12 damage)
             ... on level 2 of the Dungeon.
             The game lasted 00:04:04 (1722 turns).

growler the Sneak (Vampire Earth Elementalist)      Turns: 1722, Time: 00:04:05

Health: -3/24      AC:  3    Str:  7    XL:     3   Next: 98%
Magic:  0/6        EV: 12    Int: 18    God:
Gold:   50         SH:  0    Dex: 14    Spells: 5/6 levels left

rFire    . . .     SeeInvis +   a - +0 short sword (speed)
rCold    . . .     Gourm    .   (no shield)
rNeg     . . .     Faith    .   c - +0 robe
rPois    .         Spirit   .   m - +0 helmet
rElec    .         Reflect  .   (no cloak)
rCorr    .         Harm     .   (no gloves)
MR       .....                  (no boots)
Stlth    +++.......             (no amulet)
HPRegen  0.28/turn              (no ring)
MPRegen  0.10/turn              (no ring)

@: regenerating quickly
A: no food, fangs 3, see invisible, unbreathing
a: Exsanguinate


You were on level 2 of the Dungeon.
You were alive.

You visited 1 branch of the dungeon, and saw 2 of its levels.

You collected 50 gold pieces.

Inventory:

Hand Weapons
 a - a +0 short sword of speed (weapon)
   (You took it off a kobold on level 1 of the Dungeon)
Missiles
 b - 55 stones (quivered)
Armour
 c - a +0 robe (worn)
 m - a +0 helmet (worn)
   (You found it on level 2 of the Dungeon)
Scrolls
 d - a scroll of remove curse {unknown}
 f - 2 scrolls of fog {unknown}
 g - a scroll of enchant weapon {unknown}
 j - a scroll of magic mapping {unknown}
 k - a scroll of enchant armour {unknown}
 l - a scroll of teleportation {unknown}
Potions
 e - a potion of flight {unknown}
 h - 2 potions of ambrosia {unknown}
 i - a potion of curing {unknown}


   Skills:
 - Level 2.1 Dodging
 + Level 5.2 Stealth
 - Level 2.0 Spellcasting
   Level 1.1 Transmutations
 + Level 4.0 Earth Magic


You had 5 spell levels left.
You knew the following spells:

 Your Spells              Type           Power        Failure   Level  Hunger
a - Sandblast             Erth           ###...       3%          1    N/A

Your spell library contained the following spells:

 Spells                   Type           Power        Failure   Level  Hunger
 Passwall                 Tmut/Erth      ##......     10%         2    N/A
 Stone Arrow              Conj/Erth      #.....       24%         3    N/A
 Petrify                  Tmut/Erth      ##......     52%         4    N/A
 Lee's Rapid Deconstruct  Erth           ###.......   67%         5    N/A

Dungeon Overview and Level Annotations

Branches:
Dungeon (2/15)

Altars:
Uskayaw

Annotations:
D:2 Crazy Yiuf


Innate Abilities, Weirdness & Mutations

You do not eat.
Your natural rate of healing is unusually fast.
You have razor-sharp teeth.
You have supernaturally acute eyesight. (SInv)
You can survive without breathing.


Message History

Partly explored, can't reach some places.
Partly explored, can't reach some places.
You hit the fungus but do no damage. You hit the fungus. You hit the fungus.
You bite the fungus. You hit the fungus. You hit the fungus.
You hit the fungus but do no damage. You hit the fungus but do no damage.
You hit the fungus. You hit the fungus. You hit the fungus. You hit the fungus.
You bite the fungus. You hit the fungus but do no damage. You hit the fungus.
You bite the fungus. You hit the fungus. You hit the fungus but do no damage.
You bite the fungus, but do no damage. You hit the fungus.
You destroy the fungus!
You start putting on your armour.
You continue putting on your helmet. x4
You finish putting on your +0 helmet.
Okay, then.
Found a mace.
You open the door.
There is an open translucent door here.
Crazy Yiuf shouts!
Crazy Yiuf barely misses you.
You closely miss Crazy Yiuf. Crazy Yiuf misses you.
Aim: Crazy Yiuf, wielding a +3 quarterstaff of chaos and wearing a +0 cloak The blast of sand hits Crazy Yiuf.
b - 57 stones
Aim: Crazy Yiuf, wielding a +3 quarterstaff of chaos and wearing a +0 cloak (moderately wounded)
The blast of sand misses Crazy Yiuf.
b - 56 stones Crazy Yiuf flaps his cloak.
Crazy Yiuf hits you but does no damage.
Aim: Crazy Yiuf, wielding a +3 quarterstaff of chaos and wearing a +0 cloak (moderately wounded)
The blast of sand hits Crazy Yiuf.
b - 55 stones Crazy Yiuf hits you with a +3 quarterstaff of chaos!
You feel your power leaking away.
You don't have enough magic to cast that spell.
You hit Crazy Yiuf.
Crazy Yiuf hits you with a +3 quarterstaff of chaos.
* * * LOW HITPOINT WARNING * * *
You hit Crazy Yiuf.
Crazy Yiuf screams, "Island Orb Guardian alas!"
Crazy Yiuf hits you with a +3 quarterstaff of chaos!
Ouch! That really hurt!
You die...

.#...# #......# #.# #...
.#...######......#########.######
..................(..............
>.................÷÷..........###
........##############........#
........# #........# ........#
##### #........# ........## #.g)#
#........# # .######..# #.@.#
#........# # .# ##.# #...#
#.###.#### # .# #.## ##'## #.#
#.# #### .# #..# ♣♣.♣ #.# #.#
#..# .# ####'## ♣.♣♣ #.# #.# #...
## #.....# ♣♣.♣ #.# #.###...
#.....# ♣.♣♣ #.# #...'.†) #.....#
♣♣.♣♣ #.# #####... #.....# ♣.PP♣
#.# #..[


You could see Crazy Yiuf.

Vanquished Creatures
  2 adders (D:2)
  An ooze (D:2)
  3 dart slugs
  A ball python (D:2)
  3 bats (D:1)
  4 goblins
  7 hobgoblins
  3 jackals (D:2)
  6 kobolds
  2 quokkas (D:2)
  A frilled lizard (D:1)
  2 rats
  A fungus (D:2)
36 creatures vanquished.

Notes
Turn   | Place    | Note
-------+----------+-------------------------------------------
     0 | D:1      | growler the Vampire Earth Elementalist began the quest for
                  | the Orb.
     0 | D:1      | Reached XP level 1. HP: 13/13 MP: 3/3
   152 | D:1      | Reached XP level 2. HP: 19/19 MP: 5/5
   256 | D:1      | Reached skill level 4 in Stealth
  1063 | D:2      | Reached XP level 3. HP: 22/24 MP: 6/6
  1122 | D:2      | Found a hide-covered altar of Uskayaw.
  1402 | D:2      | Reached skill level 5 in Stealth
  1703 | D:2      | Found a runed translucent door.
  1704 | D:2      | Noticed Crazy Yiuf
  1722 | D:2      | Slain by Crazy Yiuf

Illustrated notes

Levels and vault maps discovered:
D:1:      dpeg_arrival_castle, layout_basic, item_on_display_b
D:2:      layout_basic, lemuel_round_altar, minmay_box_of_dots,
          uniq_crazy_yiuf_cottage

Skill      XL: |  1  2  3 |
---------------+----------+-----
Stealth        | 4 5 |  5.2
Earth Magic    | 4 |  4.0
Dodging        | |  2.1
Spellcasting   | |  2.0
Transmutations | |  1.1

Action                   || total
-------------------------++-------
Melee: Unarmed           ||    10
       Short sword       ||   103
       Bite              ||     9
 Cast: Sandblast         ||    23
 Stab: Sleeping          ||     5
Armor: Robe              ||     9
Dodge: Dodged            ||    49
